 Dungeon Crawl Stone Soup version 0.29-a0-320-g9f8742066b (webtiles) character file.

Game seed: 8477896821597298367

28 Rohain the Ruffian (level 2, 0/29 HPs)
             Began as a Troll Monk on Apr 2, 2022.
             Slain by a gnoll
             ... wielding a +0 flail
              (6 damage)
             ... on level 2 of the Dungeon.
             The game lasted 00:01:10 (1098 turns).

Rohain the Ruffian (Troll Monk)                     Turns: 1098, Time: 00:01:11

Health: 0/29       AC:  4    Str: 18    XL:     2   Next: 96%
Magic:  0/1        EV: 10    Int:  6    God:
Gold:   22         SH:  0    Dex: 12    Spells: 1/1 levels left

rFire   . . .      SeeInvis .     - Unarmed
rCold   . . .      Faith    .   (no shield)
rNeg    . . .      Spirit   +   a - +0 robe
rPois   .          Reflect  .   (helmet restricted)
rElec   .          Harm     .   (no cloak)
rCorr   .          Rampage  .   (gloves unavailable)
Will    .....                   (boots unavailable)
Stlth   ++........              g - amulet of guardian spirit
HPRegen 0.89/turn               (no ring)
MPRegen 0.07/turn               (no ring)

@: no status effects
A: large, unfitting armour, claws 3, regeneration 1, shaggy fur 1, tough skin 1
a: no special abilities


You were on level 2 of the Dungeon.
You visited 1 branch of the dungeon, and saw 2 of its levels.

You collected 22 gold pieces.

Inventory:

Armour
 a - a +0 robe (worn)
Jewellery
 g - an amulet of guardian spirit (around neck)
Scrolls
 c - a scroll of teleportation
 d - a scroll of identify {unknown}
 e - a scroll of noise
Potions
 b - a potion of ambrosia
 f - 2 potions of brilliance {unknown}
 h - a potion of lignification {unknown}


   Skills:
 + Level 2.7 Fighting
 - Level 2.4 Dodging
 - Level 1.0 Stealth
 * Level 3.8 Unarmed Combat


You had one spell level left.
You didn't know any spells.
Your spell library was empty.

Dungeon Overview and Level Annotations

Branches:
Dungeon (2/15)

Altars:


Innate Abilities, Weirdness & Mutations

You are too large for most types of armour.
You have claws for hands.
Your natural rate of healing is unusually fast.
You are covered in fur. (AC +1)
You have tough skin. (AC +1)


Message History

The bat misses you. The bat hits you. The bat barely misses you.
The bat hits you but does no damage.
You scratch the bat.
You kill the bat!
No target in view!
No target in view!
Found 22 stones.
h - a metallic pink potion 2 gnolls come into view.
The gnoll shouts!
You hear a bark!
There are monsters nearby!
A gnoll comes into view. It is wielding a +0 whip.
The gnoll moves out of view.
The gnoll shouts!
A gnoll comes into view.
It is wielding a +0 flail. 2 jackals come into view.
The jackal barks!
The gnoll shouts!
The gnoll hits you with a +0 flail.
You scratch the gnoll.
The gnoll is moderately wounded.
A jackal comes into view.
The gnoll hits you with a +0 flail!
The jackal moves out of view.
You scratch the gnoll.
The gnoll is heavily wounded.
The gnoll closely misses you.
You scratch the gnoll.
The gnoll is severely wounded.
The gnoll hits you with a +0 flail. The gnoll hits you with a +0 whip.
You scratch the gnoll.
The gnoll is almost dead.
The jackal barely misses you. The gnoll hits you with a +0 flail.
The gnoll closely misses you. The jackal barely misses you.
The gnoll hits you with a +0 flail.
* * * LOW HITPOINT WARNING * * *
The jackal barely misses you. The gnoll attacks as you move away!
The gnoll hits you with a +0 flail!
You die...

.......##.####.#
#.###...........
..#........####.#.
........##.####.
###.###......... #
#..#...... #
#..#.......
...###..#.......
#.....@h.......
#####gh#.......
.....?gg#.####.
######.g. .
.....## ##....#
#....# #....#
.....#


You could see 4 gnolls and 2 jackals.

Vanquished Creatures
  A dart slug (D:1)
  4 bats
  2 endoplasms (D:1)
  A giant cockroach (D:1)
  2 goblins (D:1)
  A hobgoblin (D:1)
  4 quokkas (D:1)
  3 ball pythons (D:1)
  2 frilled lizards (D:1)
  2 kobolds (D:1)
  2 rats (D:1)
24 creatures vanquished.

Notes
Turn   | Place    | Note
-------+----------+-------------------------------------------
     0 | D:1      | Rohain the Troll Monk began the quest for the Orb.
     0 | D:1      | Reached XP level 1. HP: 22/22 MP: 0/0
   157 | D:1      | Reached XP level 2. HP: 27/29 MP: 1/1
  1098 | D:2      | Slain by a gnoll

Illustrated notes

Levels and vault maps discovered:
D:1:      roderic_chinese_lattice_arrival, layout_basic
D:2:      layout_basic, minmay_hedge_maze

Action                   || total
-------------------------++-------
Melee: Unarmed           ||    73
       Punch             ||     4
  Use: Scroll            ||     2
Armor: Robe              ||    15
Dodge: Dodged            ||    46

Table legend: (Time is in decaauts)
 A = Elapsed time spent in this place.
 B = Non-inter-level travel time spent in this place.
 C = Inter-level travel time spent in this place.
 D = Time resting spent in this place.
 E = Time spent auto-exploring this place.
 F = Levels seen in this place.
 G = Mean time per level.
                   A        B        C        D        E       F      G
               +--------+--------+--------+--------+--------+-----+--------+
         Total |   1093 |   1066 |     27 |    300 |    585 |   2 |  546.5 |
       Dungeon |   1093 |   1066 |     27 |    300 |    585 |   2 |  546.5 |
               +--------+--------+--------+--------+--------+-----+--------+

Top non-repeatable levels by time:
     D:1: 988 daAuts
     D:2: 104 daAuts
